 Dungeon Crawl Stone Soup version 0.19.4-8-ga85b6b9 (webtiles) character file.

96 Kosschaser the Sneak (level 4, 0/27 HPs)
             Began as a Kobold Assassin on Feb 10, 2017.
             Succumbed to an adder's poison
             ... on level 2 of the Dungeon.
             The game lasted 00:26:23 (2251 turns).

Kosschaser the Sneak (Kobold Assassin)              Turns: 2251, Time: 00:26:24

Health: 0/27       AC:  3    Str:  8    XL:     4   Next: 98%
Magic:  4/4        EV: 15    Int: 12    God:
Gold:   68         SH:  0    Dex: 17    Spells: 0 memorised, 3 levels left

rFire  + . .     SeeInvis .     a - +3 dagger
rCold  + . .     Gourm    .     m - +0 robe (curse)
rNeg   . . .     Faith    .     (shield restricted)
rPois  +         Spirit   .     (no helmet)
rElec  +         Reflect  .     d - +0 cloak
rCorr  +         Harm     .     (no gloves)
MR     .....     Rnd*Tele +     (no boots)
Stlth  +++++.....               (no amulet)
                                j - ring of teleportation
                                h - ring of stealth

@: lethally poisoned (0 -> -4), resistant
A: carnivore 3
a: no special abilities


You were on level 2 of the Dungeon.
You were full.

You visited 1 branch of the dungeon, and saw 3 of its levels.

You collected 68 gold pieces.

Inventory:

Hand Weapons
 a - a +3 dagger (weapon)
 b - a +0 blowgun
Missiles
 e - 8 poisoned needles
 f - 2 curare-tipped needles
Armour
 c - a +1 robe
 d - a +0 cloak (worn)
 m - a cursed +0 robe (worn)
Jewellery
 h - a ring of stealth (left hand)
 i - an uncursed ring of positive energy
 j - a ring of teleportation (right hand)
Scrolls
 l - 2 scrolls of teleportation
Potions
 k - 2 potions of resistance
Comestibles
 g - a meat ration


   Skills:
 + Level 2.5 Fighting
 + Level 3.2 Short Blades
 + Level 2.5 Throwing
 * Level 2.4 Dodging
 + Level 7.0 Stealth


You had 3 spell levels left.
You didn't know any spells.

Dungeon Overview and Level Annotations

Branches:
Dungeon (3/15)

Altars:


Innate Abilities, Weirdness & Mutations

You are small and have problems with some larger weapons.
You are carnivorous and can eat meat at any time.


Message History

* * * LOW HITPOINT WARNING * * *
You feel sick. The adder bites you but does no damage.
* * * LOW HITPOINT WARNING * * *
You feel sick. The adder barely misses you.
You barely miss the adder.
The adder is severely wounded.
The adder bites you.
* * * LOW HITPOINT WARNING * * *
You hit the adder.
The adder is almost dead.
* * * LOW HITPOINT WARNING * * *
You feel sick. The adder bites you but does no damage.
You hit the adder.
You kill the adder!
Your Stealth skill increases to level 7!
* * * LOW HITPOINT WARNING * * *
You feel sick.
You see here an adder corpse.
You feel protected.
You die...

##.#####.#.#.##...##..###.####+#
#....†..................)......#
#..#####.#.....#..##..###.####.#
#..# #.#.....+†.<........<....
#..# #.#.....##.##...##.#.##..
#..# #.#.....##.##...##.#.##.#
#..# #.#.######.##...##.#.##.#
#..#####%.......................
#..............@.......##.#.##.#
#.......##.#####.....#.##.#.##.#
##'#####.##.# #.....#.##.#.##.#
#......#.##.# #....>...........
#......#.##.# #...###.##.#.#..#
#......#.##.#####.......##.#.#..#
#......#.#..........###.##.#.#..#
#......#.#..#####...............#
#......#............###.##.#.#.##


There were no monsters in sight!

Vanquished Creatures
  Ijyb (D:2)
  2 adders (D:2)
  An ooze (D:1)
  A worm (D:2)
  A dart slug (D:1)
  A leopard gecko (D:1)
  A ball python (D:1)
  A giant cockroach (D:2)
  7 goblins
  4 hobgoblins
  A quokka (D:1)
  6 bats
  5 frilled lizards
  5 kobolds
  12 rats
49 creatures vanquished.

Notes
Turn   | Place    | Note
-------+----------+-------------------------------------------
     0 | D:1      | Kosschaser the Kobold Assassin began the quest for the Orb.
     0 | D:1      | Reached XP level 1. HP: 12/12 MP: 1/1
    81 | D:1      | Reached XP level 2. HP: 17/17 MP: 2/2
   423 | D:1      | Reached XP level 3. HP: 22/22 MP: 3/3
   435 | D:1      | Reached skill level 6 in Stealth
   966 | D:2      | Noticed Ijyb
   969 | D:2      | Killed Ijyb
   969 | D:2      | Reached XP level 4. HP: 25/27 MP: 4/4
  2248 | D:2      | Reached skill level 7 in Stealth
  2249 | D:2      | HP: 1/27 [poisoned by an adder]
  2251 | D:2      | Succumbed to an adder's poison

Skill      XL: |  1  2  3  4 |
---------------+-------------+-----
Short Blades   | 3 |  3.2
Stealth        | 6 7 |  7.0
Dodging        | 2 |  2.4
Fighting       | |  2.5
Throwing       | |  2.5

Action                   |  1- 3 |  4- 6 || total
-------------------------+-------+-------++-------
Melee: Dagger            |    66 |    71 ||   137
 Fire: Blowgun           |     5 |     5 ||    10
  Use: Potion            |     2 |     1 ||     3
       Scroll            |       |     5 ||     5
 Stab: Sleeping          |     7 |     5 ||    12
  Eat: Chunk             |     4 |     6 ||    10
Armor: Robe              |     8 |    11 ||    19
Dodge: Dodged            |    39 |    48 ||    87
